 Dungeon Crawl Stone Soup version 0.19-a0-742-g4563caa (webtiles) character file.

119 ololoev the Cudgeler (level 4, 0/37 HPs)
             Began as a Centaur Wanderer on June 23, 2016.
             Slain by an adder (2 damage)
             ... on level 2 of the Dungeon.
             The game lasted 00:04:24 (2388 turns).

ololoev the Cudgeler (Centaur Wanderer)             Turns: 2388, Time: 00:04:25

Health: 0/37       AC:  8    Str: 15    XL:     4   Next: 74%
Magic:  4/4        EV:  7    Int: 13    God:
Gold:   112        SH:  0    Dex:  7    Spells: 0 memorised, 3 levels left

rFire  . . .     SeeInvis .     c - +0 mace
rCold  . . .     Gourm    .     a - +2 scale mail
rNeg   . . .     Faith    .     (no shield)
rPois  .         Spirit   .     (no helmet)
rElec  .         Dismiss  .     (no cloak)
rCorr  .         Reflect  .     (no gloves)
SustAt .         Harm     .     (no barding)
MR     .....                    (no amulet)
Stlth  ..........               (no ring)
                                (no ring)

@: lethally poisoned (0 -> -4), very quick, not resistant to hostile
enchantments, extremely unstealthy
A: hooves 3, deformed body, speed 2, tough skin 3
a: no special abilities


Innate Abilities, Weirdness & Mutations

You have hooves in place of feet.
Armour fits poorly on your strangely shaped body.
You cover ground very quickly.
You have extremely tough skin. (AC +3)

Inventory:

Hand Weapons
 c - a +0 mace (weapon)
Armour
 a - a +2 scale mail (worn)
Scrolls
 g - 6 scrolls of identify {unknown}
 h - a scroll of remove curse {unknown}
 i - a scroll of teleportation {unknown}
 n - a scroll of amnesia {unknown}
Potions
 e - a potion of cure mutation {unknown}
 f - 2 potions of curing {unknown}
 j - a potion of agility {unknown}
 l - a potion of heal wounds {unknown}
 o - a potion of cancellation {unknown}
 q - a potion of flight {unknown}
Books
 b - Kikubaaqudgha's Grimoire of Stolen Souls

   Spells                             Type                      Level
   a - Animate Skeleton               Necromancy                   1
   b - Regeneration                   Charms/Necromancy            3
Comestibles
 d - 3 bread rations
 k - a meat ration
 m - a beef jerky
 p - a slice of pizza


   Skills:
 + Level 2.8 Fighting
 * Level 3.1 Maces & Flails
 + Level 1.8 Armour
 + Level 1.1 Dodging
   Level 1.3 Shields
   Level 1.7 Translocations
   Level 1.0 Fire Magic


You had 3 spell levels left.
You didn't know any spells.


You were on level 2 of the Dungeon.
You were hungry.

You visited 1 branch of the dungeon, and saw 3 of its levels.

You collected 112 gold pieces.

..........#.........#
.[........#.........#
..........#..(......#
....................#
.......(............#
..............(.....#
........#...........##
........#.....(##h##.#
..............hS@.##.#
....[..#.......##.##.#
########......รท##....#
.......#.......##....#
.......#.#####.##.####
.......#.#####....#
..............>.#####
.......##.####......#
.......##..###.####.#

Notes
Turn   | Place    | Note
--------------------------------------------------------------
     0 | D:1      | ololoev the Centaur Wanderer began the quest for the Orb.
     0 | D:1      | ololoev set off with: a +2 scale mail, Kikubaaqudgha's Grimoire of Stolen Souls, a +0 mace, a bread ration
     0 | D:1      | Reached XP level 1. HP: 17/17 MP: 1/1
     0 | D:1      | Identified Kikubaaqudgha's Grimoire of Stolen Souls
   237 | D:1      | Reached skill level 2 in Maces & Flails
   273 | D:1      | Reached XP level 2. HP: 22/24 MP: 2/2
   775 | D:2      | Reached XP level 3. HP: 18/30 MP: 3/3
  1322 | D:2      | Reached skill level 1 in Dodging
  1397 | D:2      | Reached XP level 4. HP: 11/37 MP: 4/4
  2013 | D:3      | Found a stormy altar of Qazlal.
  2084 | D:3      | Reached skill level 3 in Maces & Flails
  2388 | D:2      | Slain by an adder

Dungeon Overview and Level Annotations

Branches:
Dungeon (3/15)

Altars:
Qazlal


Message History

You closely miss the adder.
The adder is heavily wounded.
You feel sick. The adder bites you but does no damage.
You hit the adder but do no damage.
The adder is heavily wounded.
The adder bites you. The adder closely misses you.
You hit the adder.
The adder is heavily wounded.
The adder barely misses you.
You hit the adder.
You kill the adder!
You feel sick.
You are no longer poisoned.
You see here an adder corpse.
You see here a stone.
You see here a stone.
You see here a stone.
You see here an adder corpse.
You butcher the adder corpse.
r - a chunk of flesh You see here an adder skeleton.
You start resting.
Eating a chunk of flesh.
This raw flesh tastes terrible.
You continue eating. x2
You are feeling hungry.
You start resting.
A jackal comes into view.
You are too injured to fight recklessly!
You are too injured to fight recklessly!
You are too injured to fight recklessly!
The jackal barks!
An adder comes into view.
You hit the jackal but do no damage.
The jackal bites you but does no damage. 2 jackals come into view.
You barely miss the jackal.
The jackal barks! x2
Your kick misses the jackal.
The jackal bites you but does no damage.
The jackal moves out of view.
The jackal bites you.
You closely miss the jackal. Your kick misses the jackal. The jackal bites you.
The jackal barely misses you.
A jackal comes into view.
The jackal barks!
You hit the jackal.
You kill the jackal!
The adder bites you but does no damage.
You hit the jackal.
The jackal is heavily wounded.
The adder bites you but does no damage. x2; The jackal bites you.
You barely miss the jackal. Your kick misses the jackal.
The jackal bites you but does no damage.
The jackal bites you. The adder bites you.
The jackal bites you but does no damage. x2
The jackal barely misses you. The adder barely misses you.
You hit the jackal.
The jackal is moderately wounded.
The jackal bites you but does no damage. x3
The jackal closely misses you. The adder bites you but does no damage.
The jackal bites you.
You miss the jackal.
The jackal is moderately wounded.
The jackal bites you but does no damage. x2
The adder bites you but does no damage.
The jackal bites you but does no damage.
The jackal barely misses you.
The jackal bites you but does no damage. x2
The adder bites you. The jackal barely misses you.
You see here a stone.
You hit the jackal.
The jackal is severely wounded.
The jackal bites you but does no damage.
The jackal barely misses you.
You thump the jackal!
You kill the jackal!
The jackal bites you. The adder bites you but does no damage.
You barely miss the adder. The jackal barely misses you. The adder bites you.
You are lethally poisoned!
The adder poisons you! The jackal barely misses you. The adder bites you.
You die...

You could see an adder and 2 jackals.

Vanquished Creatures
  An orc wizard (D:3)
  3 adders (D:2)
  2 worms (D:2)
  3 dart slugs
  3 giant geckos (D:2)
  An orc (D:3)
  A ball python (D:2)
  3 giant cockroaches
  5 goblins
  4 hobgoblins
  4 jackals
  2 quokkas (D:2)
  6 bats
  2 giant newts
  5 kobolds
  4 rats
49 creatures vanquished.

Action                   |  1- 3 |  4- 6 || total
-------------------------+-------+-------++-------
Melee: Mace              |   118 |    76 ||   194
       Kick              |    16 |     7 ||    23
  Eat: Chunk             |     1 |     2 ||     3
Armor: Scale mail        |    91 |    64 ||   155
Dodge: Dodged            |    54 |    34 ||    88

Vault maps used:
D:1:      dpeg_arrival_three_bigger_balls, st_stairs_13
D:2:      first_bread
D:3:      nicolae_overflow_hidden_temple, lemuel_coloured_pillars_altar,
          uniq_robin
